 Dungeon Crawl Stone Soup version 0.22.0-38-g04b72b8 (webtiles) character file.

1403 Lew the Cleaver (level 8, -9/46 HPs)
             Began as a Gargoyle Fighter on Aug 27, 2018.
             Was a Follower of Okawaru.
             Mangled by an orc warrior
             ... wielding a +0 flail
              (12 damage)
             ... on level 6 of the Dungeon.
             The game lasted 00:10:36 (4700 turns).

Lew the Cleaver (Gargoyle Fighter)                  Turns: 4700, Time: 00:10:36

Health: -9/46      AC: 14    Str: 22    XL:     8   Next: 69%
Magic:  8/8        EV:  8    Int:  9    God:    Okawaru [*.....]
Gold:   236        SH: 13    Dex:  9    Spells: 7/7 levels left

rFire    . . .     SeeInvis .   a - +1 war axe
rCold    . . .     Gourm    .   c - +2 shield
rNeg     + + .     Faith    .   u - +0 ring mail {rN+}
rPois    ∞         Spirit   .   (no helmet)
rElec    +         Reflect  +   p - +2 cloak
rCorr    .         Harm     .   (no gloves)
MR       .....                  (no boots)
Stlth    ..........             i - +2 amulet of reflection
HPRegen  0.15/turn              (no ring)
MPRegen  0.11/turn              (no ring)

@: no status effects
A: negative energy resistance 1, electricity resistance, unbreathing,
petrification resistance, rot immunity, AC +5
a: Heroism, Renounce Religion


You were on level 6 of the Dungeon.
You worshipped Okawaru.
Okawaru was aware of your devotion.
You were not hungry.

You visited 2 branches of the dungeon, and saw 7 of its levels.

You collected 236 gold pieces.

Inventory:

Hand Weapons
 a - a +1 war axe (weapon)
Armour
 b - a +0 scale mail
 c - a +2 shield (worn)
 p - a +2 cloak (worn)
 u - a +0 ring mail of positive energy (worn)
Jewellery
 h - an uncursed ring of protection from cold
 i - a +2 amulet of reflection (around neck)
 m - an uncursed amulet of guardian spirit
Wands
 l - a wand of flame (23)
Scrolls
 g - 2 scrolls of remove curse
 o - a scroll of immolation
Potions
 d - a potion of might
 e - a potion of degeneration
 j - a potion of invisibility {unknown}
 v - a potion of brilliance
Comestibles
 f - 7 rations


   Skills:
 - Level 3.4 Fighting
 + Level 9.6 Axes
 - Level 3.4 Armour
 - Level 3.4 Shields


You had 7 spell levels left.
You didn't know any spells.
Your spell library was empty.

Dungeon Overview and Level Annotations

Branches:
Dungeon (6/15)             Temple (1/1) D:5

Altars:
Ashenzari
Cheibriados
Dithmenos
Elyvilon
Fedhas
Gozag
Kikubaaqudgha
Makhleb
Nemelex Xobeh
Okawaru
Qazlal
Ru
Sif Muna
Trog
Uskayaw
Vehumet
Xom
Yredelemnul


Innate Abilities, Weirdness & Mutations

You are resistant to torment.
Your stone body is resilient. (AC +5)
You are immune to poison.
You resist negative energy. (rN+)
You are resistant to electric shocks. (rElec)
You can survive without breathing.
You are immune to petrification.
You are immune to rotting.


Message History

You feel less confused. You block the orc warrior's attack.
You barely miss the orc warrior. The orc warrior hits you with a flail!
* * * LOW HITPOINT WARNING * * *
You hit the orc warrior.
The orc warrior is moderately wounded.
You block the orc warrior's attack.
You hit the orc warrior.
The orc warrior is moderately wounded.
You slash the orc warrior!
The orc warrior is severely wounded.
The orc warrior hits you with a flail.
* * * LOW HITPOINT WARNING * * *
You closely miss the orc warrior.
The orc warrior is severely wounded.
You block the orc warrior's attack.
You closely miss the orc warrior.
The orc warrior is severely wounded.
The orc warrior hits you with a flail!
You die...

#.#.### ####..###
###.#.... #......##.
......##
####......##.###......
..#.......#..#...#...
# ...8...8.##.........
#. #...#...####.#.....
##.
##.###...###.###...
#...#o@.#........#
#...
#.8...8...8..#.###
#... #.!.#)..#...#..#
#### #... ##.###.#..##
#.. #...#....## #.
8...8.[.8.## #
..........#
###......### ........#


You could see an orc warrior.

Vanquished Creatures
  Sigmund (D:5)
  A hungry ghost (D:5)
  Duvessa (D:5)
  A phantom (D:5)
  A centaur (D:5)
  Dowan (D:5)
  A scorpion (D:4)
  A howler monkey (D:4)
  A crimson imp (D:5)
  A hound (D:5)
  6 orc priests
  Crazy Yiuf (D:2)
  2 orc wizards
  A bullfrog skeleton (D:4)
  Jessica (D:3)
  Ijyb (D:3)
  3 worker ants
  An iguana (D:4)
  A hound skeleton (D:5)
  8 adders
  2 oozes
  4 worms
  4 leopard geckos
  24 orcs
  3 giant cockroaches
  6 goblins
  7 hobgoblins
  8 jackals
  5 quokkas
  2 ball pythons
  6 bats
  3 frilled lizards (D:1)
  A giant cockroach zombie (D:4)
  A jackal skeleton (D:4)
  6 kobolds
  7 rats
  3 fungi (D:2)
127 creatures vanquished.

Notes
Turn   | Place    | Note
-------+----------+-------------------------------------------
     0 | D:1      | Lew the Gargoyle Fighter began the quest for the Orb.
     0 | D:1      | Reached XP level 1. HP: 14/14 MP: 1/1
    28 | D:1      | Reached XP level 2. HP: 19/19 MP: 2/2
    39 | D:1      | Reached skill level 2 in Axes
   159 | D:1      | Reached XP level 3. HP: 23/23 MP: 3/3
   503 | D:2      | Reached skill level 3 in Axes
   682 | D:2      | Reached XP level 4. HP: 28/28 MP: 4/4
  1112 | D:2      | Found a runed door.
  1182 | D:2      | Noticed Crazy Yiuf
  1188 | D:2      | Killed Crazy Yiuf
  1188 | D:2      | Reached skill level 4 in Axes
  1244 | D:3      | Noticed Jessica
  1245 | D:3      | Reached XP level 5. HP: 21/32 MP: 5/5
  1559 | D:3      | Killed Jessica
  1667 | D:3      | Reached skill level 5 in Axes
  1688 | D:3      | Found a snail-covered altar of Cheibriados.
  1741 | D:3      | Noticed Ijyb
  1755 | D:3      | Killed Ijyb
  2089 | D:3      | Reached XP level 6. HP: 37/37 MP: 6/6
  2309 | D:4      | Found an opulent altar of Gozag.
  2469 | D:4      | Reached skill level 6 in Axes
  2828 | D:4      | Reached XP level 7. HP: 34/41 MP: 7/7
  3185 | D:5      | Entered Level 5 of the Dungeon
  3186 | D:5      | Found a shattered altar of Ashenzari.
  3194 | D:5      | Found a staircase to the Ecumenical Temple.
  3256 | D:5      | Noticed Duvessa
  3285 | Temple   | Entered the Ecumenical Temple
  3301 | Temple   | Became a worshipper of Warmaster Okawaru
  3365 | D:5      | Killed Duvessa
  3365 | D:5      | Reached skill level 7 in Axes
  3388 | D:5      | Noticed Dowan
  3403 | D:5      | Killed Dowan
  3470 | D:5      | Reached * piety under Okawaru
  3806 | D:5      | Noticed Sigmund
  4069 | D:5      | Reached skill level 8 in Axes
  4069 | D:5      | Reached XP level 8. HP: 40/46 MP: 8/8
  4311 | D:5      | Reached skill level 9 in Axes
  4483 | D:5      | Killed Sigmund
  4700 | D:6      | Mangled by an orc warrior

Skill      XL: |  1  2  3  4  5  6  7  8 |
---------------+-------------------------+-----
Axes           | 2 3 4 5 6 8 9 |  9.6
Fighting       | |  3.4
Armour         | |  3.4
Shields        | |  3.4

Action                   |  1- 3 |  4- 6 |  7- 9 || total
-------------------------+-------+-------+-------++-------
Melee: War axe           |   105 |   221 |   163 ||   489
  Use: Scroll            |       |     7 |    12 ||    19
       Potion            |       |     2 |     5 ||     7
  Eat: Chunk             |       |     4 |     2 ||     6
       Ration            |       |     1 |     4 ||     5
Armor: Scale mail        |    51 |    89 |    12 ||   152
       Ring mail         |       |       |    58 ||    58
Dodge: Dodged            |    45 |    49 |    49 ||   143
Block: Shield            |    91 |   137 |   100 ||   328
       Reflection        |     3 |       |     4 ||     7
